 Dungeon Crawl Stone Soup version 0.28-a0-828-g0121872642 (webtiles) character file.

Game seed: 4859134719607799004

11022 vurker the Zephyrmancer (level 11, -2/53 HPs)
             Began as a Felid Air Elementalist on Nov 10, 2021.
             Was a High Priest of Vehumet.
             Killed by divine providence
             ... invoked by a meliai
              (12 damage)
             ... on level 5 of the Lair of Beasts.
             The game lasted 00:32:40 (22190 turns).

vurker the Zephyrmancer (Felid Air Elementalist)   Turns: 22190, Time: 00:32:41

Health: -2/53      AC:  3    Str:  4    XL:     11   Next: 43%
Magic:  0/27       EV: 21    Int: 21    God:    Vehumet [*****.]
Gold:   1468       SH:  0    Dex: 17    Spells: 6/33 levels left
                                        Lives:  0   Deaths: 3

rFire   . . .      SeeInvis +   (weapon unavailable)
rCold   + + .      Faith    .   (shield unavailable)
rNeg    . . .      Spirit   .   (armour unavailable)
rPois   .          Reflect  .   (helmet unavailable)
rElec   +          Harm     .   (cloak unavailable)
rCorr   .          Rampage  .   (gloves unavailable)
Will    +....                   (boots unavailable)
Stlth   +++.......              c - amulet of the Invisible Hand {RegenMP rElec Slay+2 Stlth+}
HPRegen 0.17/turn               u - +4 ring of evasion
MPRegen 0.45/turn               i - ring of protection from cold

@: quick
A: very small, claws 1, fangs 3, see invisible, speed 1, shaggy fur 3, stealthy
paws, no weapons or thrown items, no armour, multi-lived
a: Renounce Religion


You were on level 5 of the Lair of Beasts.
You worshipped Vehumet.
Vehumet was extremely pleased with you.
You visited 2 branches of the dungeon, and saw 16 of its levels.
You also visited: Bailey.

You collected 1468 gold pieces.

Inventory:

Jewellery
 c - the amulet of the Invisible Hand (around neck) {RegenMP rElec Slay+2 Stlth+}
   (You acquired it on level 5 of the Dungeon)

   [amulet of magic regeneration]

   It increases your rate of magic regeneration.
   Slay:      It affects your accuracy & damage with ranged weapons and melee
   (+2).
   rElec:     It insulates you from electricity.
   Stlth:     It makes you more stealthy.
 h - a ring of positive energy
   (You found it on level 5 of the Dungeon)
 i - a ring of protection from cold (right paw)
   (You found it on level 7 of the Dungeon)
 o - the ring of Bitset {Fire rElec rCorr Str+3}
   (You acquired it on level 5 of the Dungeon)

   [ring of fire]

   It enhances your fire magic.
   Str:       It affects your strength (+3).
   rF:        It protects you from fire.
   rC:        It makes you vulnerable to cold.
   rElec:     It insulates you from electricity.
   rCorr:     It protects you from acid and corrosion.
 u - a +4 ring of evasion (left paw)
   (You found it on level 1 of the Lair of Beasts)
Wands
 j - a wand of polymorph (7)
   (You found it on level 2 of the Dungeon)
 q - a wand of mindburst (22)
   (You found it on level 5 of the Dungeon)
 t - a wand of flame (47)
   (You found it on level 4 of the Dungeon)
 v - a wand of digging (5)
   (You found it on level 4 of the Lair of Beasts)
Scrolls
 g - a scroll of magic mapping
 m - 6 scrolls of teleportation
 s - 2 scrolls of blinking
 w - a scroll of amnesia
Potions
 a - 4 potions of brilliance
 b - 3 potions of attraction
 e - a potion of curing
 f - a potion of cancellation {unknown}
 k - a potion of heal wounds
 l - 4 potions of flight
 n - a potion of resistance {unknown}
 p - 2 potions of lignification
 r - a potion of haste {unknown}
 z - 2 potions of ambrosia


   Skills:
 + Level 9.0 Fighting
 - Level 2.6 Dodging
 - Level 2.6 Stealth
 * Level 11.9 Spellcasting
 - Level 5.0 Conjurations
 * Level 9.5 Ice Magic
 * Level 12.0 Air Magic
 - Level 3.0 Poison Magic


You had 6 spell levels left.
You knew the following spells:

 Your Spells              Type           Power      Damage    Failure   Level
a - Shock                 Conj/Air       100%       1d9       1%          1
b - Lightning Bolt        Conj/Air       24%        1d39      1%          5
c - Airstrike             Air            29%        N/A       1%          4
d - Ozocubu's Refrigerat  Ice            25%        4d10      22%         7
e - Conjure Ball Lightni  Conj/Air       24%        3x3d7     7%          6
q - Olgreb's Toxic Radia  Pois           25%        N/A       4%          4

Your spell library contained the following spells:

 Spells                   Type           Power      Damage    Failure   Level
 Flame Wave               Conj/Fire      23%        3d6       5%          4
 Magic Dart               Conj           100%       1d8       1%          1
 Searing Ray              Conj           66%        2d6       1%          2
 Static Discharge         Conj/Air       48%        N/A       1%          2
 Mephitic Cloud           Conj/Pois/Air  40%        N/A       1%          3
 Swiftness                Air            58%        N/A       1%          3
 Summon Lightning Spire   Summ/Air       37%        N/A       4%          4
 Pain                     Necr           48%        1d6       5%          1
 Slow                     Hex            48%        N/A       5%          1
 Fulminant Prism          Conj/Hex       11%        3d9       5%          4
 Sublimation of Blood     Necr           12%        N/A       9%          2
 Call Canine Familiar     Summ           12%        N/A       16%         3
 Confusing Touch          Hex            12%        N/A       16%         3
 Gell's Gravitas          Tloc           12%        N/A       16%         3
 Teleport Other           Tloc           12%        N/A       16%         3
 Vampiric Draining        Necr           12%        2d6       16%         3
 Lee's Rapid Deconstruct  Erth           6%         3d7*      36%         5
 Leda's Liquefaction      Hex/Erth       6%         N/A       47%         4
 Agony                    Necr           12%        N/A       83%         5
 Blade Hands              Tmut           6%         N/A       83%         5
 Death Channel            Necr           6%         N/A       100%        6
 Dispersal                Tloc           6%         N/A       100%        6
 Statue Form              Tmut/Erth      8%         N/A       100%        6
 Malign Gateway           Summ/Tloc      6%         N/A       100%        7
 Borgnjor's Revivificati  Necr           6%         N/A       100%        8
 Ignition                 Fire           6%         3d4       100%        8
 Infestation              Necr           6%         N/A       100%        8
 Necromutation            Tmut/Necr      6%         N/A       100%        8
 Summon Horrible Things   Summ           6%         N/A       100%        8
 Death's Door             Necr           6%         N/A       100%        9
 Portal Projectile        Hex/Tloc       Unusable   N/A       N/A         3
 Excruciating Wounds      Necr           Unusable   N/A       N/A         5

Dungeon Overview and Level Annotations

Branches:
Dungeon (11/15)            Temple (0/1) D:5            Lair (5/6) D:11
  Swamp (0/4) Lair:2       Spider (0/4) Lair:4          Orc (0/2) D:11
 Bailey (visited)
  Slime: Lair:5-6

Altars:
Sif Muna
Vehumet
Xom
Zin

Shops:
D:8 !

Annotations:
D:3 2 transporters, Ska's ghost, amateur OpVM
D:7 2 transporters, bmj180's ghost, novice DrCj


Innate Abilities, Weirdness & Mutations

You have sharp claws.
You have razor-sharp teeth.
You have supernaturally acute eyesight. (SInv)
You cover ground quickly. (Speed+)
Your thick and shaggy fur keeps you warm. (AC +3, rC+)
Your paws help you pounce on unaware monsters.
You are incapable of wielding weapons or throwing items.
You cannot wear armour.
You gain extra lives every three experience levels.


Message History

Aim: a lindwurm (empty space bonus: 4/8)
The air twists around and strikes the lindwurm!
The lindwurm breathes flames at you.
The blast of flame hits the plant!!
The plant begins to die.
The blast of flame hits you!
The blast of flame hits the fungus!!!
The fungus begins to die.
Aim: a lindwurm (lightly wounded, catching its breath, empty space bonus: 4/8)
The air twists around and strikes the lindwurm.
A lindwurm is nearby!
Aim: a lindwurm (moderately wounded, catching its breath, empty space bonus: 4/8)
The air twists around and strikes the lindwurm!
The lindwurm completely misses you. The lindwurm closely misses you.
The lindwurm claws you but does no damage.
Aim: a lindwurm (heavily wounded, catching its breath, empty space bonus: 4/8)
The air twists around and strikes the lindwurm!
A nearby plant withers and dies.
The lindwurm misses you. The lindwurm completely misses you.
The lindwurm misses you.
You don't have enough magic to cast this spell.
You don't have enough magic to cast this spell.
You don't have enough magic to cast this spell.
The mass of ice explodes!
The iceblast engulfs the lindwurm!
You hear a trumpeting!
You hear a croak.
A nearby fungus withers and dies.
The lindwurm breathes flames at you. The blast of flame misses you.
The mass of ice explodes!
The iceblast engulfs the lindwurm.
You hear a bellow!
The lindwurm bites you!
* * * LOW HITPOINT WARNING * * *
The lindwurm barely misses you. The lindwurm completely misses you.
The mass of ice explodes!
The iceblast engulfs the lindwurm!!
You kill the lindwurm!
Vehumet accepts your kill.
You feel your power returning.
The now-empty wand crumbles to dust.
The meliai invokes the aid of its god against you.
Something smites you!
* * * LOW HITPOINT WARNING * * *
Your Air Magic skill increases to level 12!
You don't have any such object.
Okay, then.
Aim: a meliai, wielding a +0 war axe and wearing a +0 robe (almost dead, 47% to hit)
You hear a mighty clap of thunder!
The bolt of lightning misses the meliai.
You hear a loud, deep croak!
You hear a bellow!
You hear a loud, deep croak!
You hear an angry buzzing noise.
You hear a croak.
You hear a bellow!
You hear a loud, deep croak!
You hear a bellow! x2; You hear a croak.
You hear a bellow!
You hear an angry hiss.
The meliai mumbles some strange prayers to its god against you.
Something smites you!
You die...

.###..P#.P#..
.<........... ..
....# ..P........# ..
.... #.........# .#
!#.# ##..†.....# ##.#
... #.........# #..##
..#
#..........####...##
###†#
...........###......#
#...#
#.#....#....y...@..#
#..##
###.####..##...†...#
##...# ...
.######.†P#.##....#
.#. .# ##....?.k...#
..#P###...# ..###
#..## ##..##. .##
##.## #.### ...... .#
##..# ..#. ..#.#
#...#


You could see a meliai.

Vanquished Creatures
  Gastronok (D:8)
  Snorg (Lair:4)
  3 hydras
  2 two-headed ogres
  4 death yaks (Lair:4)
  A lindwurm (Lair:5)
  2 orc knights (Bailey)
  A cyclops (D:11)
  3 black mambas (Lair:1)
  7 elephants
  6 cane toads
  7 komodo dragons
  2 kobold demonologists
  2 rime drakes
  An efreet (D:10)
  A queen bee (Lair:5)
  Grinder (D:5)
  2 meliai (Lair:5)
  A troll (D:11)
  A blink frog (Lair:5)
  A meliai zombie (D:11)
  Sigmund (D:6)
  34 yaks
  A spriggan (Lair:1)
  3 wyverns
  2 water elementals (D:11)
  A wraith (D:9)
  3 basilisks
  A steam dragon (D:7)
  9 water moccasins
  2 black bears
  A swamp drake (D:11)
  A sky beast (D:8)
  14 orc warriors
  2 ice beasts
  4 ogres
  A necrophage (D:7)
  2 wolves (D:11)
  2 centaurs
  A phantom (D:5)
  4 kobold brigands
  9 bullfrogs
  A gnoll sergeant (D:7)
  A wyvern zombie (D:9)
  3 scorpions
  A water moccasin zombie (D:5)
  A wyvern skeleton (D:6)
  56 killer bees
  3 howler monkeys
  3 wights (D:7)
  5 electric eels
  4 centaur zombies
  6 hounds
  10 orc priests
  2 bullfrog skeletons
  3 iguanas
  13 orc wizards
  A howler monkey zombie (D:9)
  7 gnolls
  6 adders
  A shadow imp (D:6)
  4 worms (D:2)
  2 dart slugs
  57 orcs
  4 ball pythons
  8 endoplasms
  2 giant cockroaches
  6 goblins
  11 hobgoblins
  13 kobolds
  3 quokkas (D:3)
  A bat (D:3)
  3 frilled lizards
  4 rats
393 creatures vanquished.

Vanquished Creatures (others)
  15 ball lightnings
  38 fungi
  38 plants
91 creatures vanquished.

Grand Total: 484 creatures vanquished

Notes
Turn   | Place    | Note
-------+----------+-------------------------------------------
     0 | D:1      | vurker the Felid Air Elementalist began the quest for the
                  | Orb.
     0 | D:1      | Reached XP level 1. HP: 7/7 MP: 4/4
   102 | D:1      | Reached skill level 1 in Conjurations
   279 | D:1      | Reached XP level 2. HP: 12/12 MP: 0/6
   915 | D:2      | Reached skill level 3 in Air Magic
  1512 | D:2      | Reached XP level 3. HP: 15/15 MP: 3/7
  1720 | D:2      | Reached skill level 1 in Fighting
  2258 | D:3      | Reached XP level 4. HP: 19/19 MP: 4/9
  2401 | D:3      | Found a faded altar of an unknown god.
  2662 | D:3      | Noticed Ska's ghost (amateur OpVM)
  2662 | D:3      | Noticed an ogre
  2663 | D:3      | Found a transporter.
  2664 | D:3      | Found a transporter.
  3879 | D:4      | Noticed a scorpion
  3882 | D:4      | Reached XP level 5. HP: 22/22 MP: 4/10
  4179 | D:4      | Reached skill level 4 in Air Magic
  4256 | D:4      | Found a shimmering altar of Xom.
  4619 | D:4      | Noticed an ogre
  4638 | D:4      | Killed an ogre
  4639 | D:4      | Gained mutation: You are covered in thick fur. (AC +2)
                  | [Felid growth]
  4639 | D:4      | Reached XP level 6. HP: 26/26 MP: 7/12
  4851 | D:4      | Found a radiant altar of Vehumet.
  4856 | D:4      | Became a worshipper of Vehumet
  4858 | D:4      | Found a glowing silver altar of Zin.
  4859 | D:4      | Found a shimmering blue altar of Sif Muna.
  4919 | D:5      | Entered Level 5 of the Dungeon
  4939 | D:5      | Identified 3 scrolls of acquirement
  4939 | D:5      | Acquired Dubehei's Reference Book on Sinister Feathers
  4940 | D:5      | Acquired the amulet of the Invisible Hand {RegenMP rElec
                  | Slay+2 Stlth+}
  4941 | D:5      | Acquired 515 gold pieces
  5217 | D:5      | Reached XP level 7. HP: 11/30 MP: 6/14
  5558 | D:5      | Reached skill level 5 in Air Magic
  5790 | D:5      | Found a staircase to the Ecumenical Temple.
  5947 | D:5      | Noticed Grinder
  5968 | D:5      | Acquired the ring of Bitset {Fire rElec rCorr Str+3}
  5998 | D:5      | Reached skill level 5 in Spellcasting
  6023 | D:5      | Killed Grinder
  6024 | D:5      | Reached XP level 8. HP: 19/35 MP: 11/17
  6031 | D:5      | Learned a level 6 spell: Conjure Ball Lightning
  6036 | D:5      | Learned a level 4 spell: Airstrike
  6665 | D:6      | Noticed Sigmund
  6680 | D:6      | Killed Sigmund
  6681 | D:6      | Reached skill level 6 in Air Magic
  7181 | D:6      | Reached * piety under Vehumet
  7181 | D:6      | Offered knowledge of Sandblast by Vehumet.
  7451 | D:7      | Reached skill level 7 in Air Magic
  7459 | D:6      | Reached XP level 9. HP: 39/39 MP: 9/20
  7732 | D:7      | Killed from afar by a steam dragon
  7733 | D:7      | Reached XP level 8. HP: -6/36 MP: 13/19
  8166 | D:7      | Learned a level 7 spell: Ozocubu's Refrigeration
  8187 | D:7      | Reached skill level 5 in Fighting
  8403 | D:7      | Reached skill level 1 in Ice Magic
  8652 | D:7      | Found a transporter.
  8657 | D:7      | Noticed a death knight
  8658 | D:7      | Noticed bmj180's ghost (novice DrCj)
  8685 | D:7      | Found a transporter.
  9045 | D:7      | Identified the +2 scimitar "Tikapp" {speed, Stlth+}
  9161 | D:7      | Found a transporter.
  9165 | D:7      | Found a transporter.
  9761 | D:8      | Found Larghus's Distillery.
  9962 | D:8      | Reached XP level 9. HP: 20/40 MP: 13/21
 10114 | D:8      | Offered knowledge of Freeze by Vehumet.
 10118 | D:8      | Reached ** piety under Vehumet
 10494 | D:8      | Reached skill level 8 in Air Magic
 10752 | D:8      | Noticed a two-headed ogre
 10764 | D:8      | Killed a two-headed ogre
 10990 | D:8      | Noticed Gastronok
 11039 | D:8      | Killed Gastronok
 11040 | D:8      | Reached XP level 10. HP: 45/45 MP: 4/23
 11127 | D:8      | HP: 2/45 [killer bee (6)]
 11837 | D:9      | Identified the +2 ring mail "Okkamuso" {Harm Dex+4}
 11950 | D:9      | Offered knowledge of Stone Arrow by Vehumet.
 11964 | D:9      | Reached skill level 9 in Air Magic
 12296 | D:10     | Entered Level 10 of the Dungeon
 12306 | D:10     | Reached skill level 5 in Ice Magic
 12376 | D:10     | Reached *** piety under Vehumet
 13059 | D:10     | Offered knowledge of Frozen Ramparts by Vehumet.
 13409 | D:10     | Noticed a two-headed ogre
 13421 | D:10     | Killed a two-headed ogre
 13955 | D:11     | Reached XP level 11. HP: 40/49 MP: 10/25
 14051 | D:11     | Noticed a five-headed hydra
 14056 | D:11     | Killed a five-headed hydra
 14447 | D:11     | Found a flagged portal.
 14467 | Bailey   | Entered a bailey
 14547 | Bailey   | Reached **** piety under Vehumet
 14743 | Bailey   | Learned a level 5 spell: Lightning Bolt
 14785 | Bailey   | Noticed an orc knight
 14785 | Bailey   | Noticed an orc knight
 14827 | Bailey   | Offered knowledge of Conjure Flame by Vehumet.
 14875 | Bailey   | Killed an orc knight
 14985 | Bailey   | Killed an orc knight
 14986 | Bailey   | Reached skill level 10 in Air Magic
 15205 | D:11     | Reached skill level 10 in Spellcasting
 15277 | D:11     | Reached skill level 5 in Conjurations
 15401 | D:11     | Found a staircase to the Lair.
 15713 | D:11     | Found a staircase to the Orcish Mines.
 15950 | D:11     | Reached ***** piety under Vehumet
 16234 | Lair:1   | Entered Level 1 of the Lair of Beasts
 16311 | Lair:1   | Offered knowledge of Flame Wave by Vehumet.
 17193 | Lair:1   | Gained mutation: Your thick and shaggy fur keeps you warm.
                  | (AC +3, rC+) [Felid growth]
 17193 | Lair:1   | Reached XP level 12. HP: 47/55 MP: 5/27
 17276 | Lair:1   | Identified the amulet of Peace {rElec Regen+ Slay+5 Stlth-}
 17999 | Lair:2   | Reached skill level 11 in Air Magic
 18269 | Lair:2   | Found a staircase to the Swamp.
 20036 | Lair:4   | Noticed Snorg
 20179 | Lair:4   | Killed Snorg
 20388 | Lair:4   | Noticed a death yak
 20390 | Lair:4   | Noticed a death yak
 20391 | Lair:4   | Noticed a death yak
 20403 | Lair:4   | Noticed a death yak
 20404 | Lair:4   | Killed a death yak
 20407 | Lair:4   | Killed a death yak
 20429 | Lair:4   | Killed a death yak
 20600 | Lair:4   | You fall into a shaft and drop 1 floor!
 20600 | Lair:5   | Noticed an eight-headed hydra
 20643 | Lair:4   | Learned a level 4 spell: Olgreb's Toxic Radiance
 20716 | Lair:4   | Killed a death yak
 20717 | Lair:4   | Reached skill level 1 in Poison Magic
 20846 | Lair:4   | Found a hole to the Spider Nest.
 20864 | Lair:4   | Noticed a four-headed hydra
 20881 | Lair:4   | Killed a four-headed hydra
 20882 | Lair:4   | Reached XP level 13. HP: 59/59 MP: 12/29
 22025 | Lair:5   | Slain by a lindwurm
 22026 | Lair:5   | Reached XP level 12. HP: 0/56 MP: 17/28
 22167 | Lair:5   | Noticed a death yak
 22179 | Lair:5   | Mangled by a blink frog
 22180 | Lair:5   | Reached XP level 11. HP: -6/53 MP: 14/27
 22189 | Lair:5   | Killed a lindwurm
 22190 | Lair:5   | Reached skill level 12 in Air Magic
 22190 | Lair:5   | Killed from afar by a meliai

Illustrated notes

Levels and vault maps discovered:
D:1:      dpeg_arrival_rooms_a, layout_loops_ring
D:2:      layout_rooms, serial_curves, eino_curves_03, eino_curves_02
D:3:      layout_loops_corners, basic_ecumenical_altar, gammafunk_ghost_arena,
          minmay_parallelograms, hex_medium
D:4:      layout_loops_ring, minitemple
D:5:      layout_loops_ring, minmay_temple_entry_glassed_door,
          grunt_decor_fettered, uniq_grinder
D:6:      layout_basic, st_stairs_6, uniq_sigmund
D:7:      layout_cave_pods, gammafunk_ghost_arena
D:8:      layout_basic, serial_shops, nicolae_shop_stone, uniq_gastronok
D:9:      layout_rooms, serial_corexii_hall, corexii_hall_statues_u,
          corexii_hall_statues_x
D:10:     layout_loops_ring
D:11:     layout_roguey, erik_lair_island, erik_orc_1, enter_bailey_5
Lair:1:   layout_chaotic_city, serial_bayou_lagoon_a, wad_woods_03
Lair:2:   layout_cave_pods, swamp_mist, infiniplex_staircase_pool
Lair:3:   layout_cave_pods, serial_bayou_shore_b, grunt_megastairs_1,
          serial_bayou_shore_a
Lair:4:   layout_roguey, spider_nest_entry_web_field, uniq_snorg
Lair:5:   hangedman_what_comes_after_a, layout_small_grid, slime_altar_1

Skill      XL: |  1  2  3  4  5  6  7  8  9 10 11 12 13 |
---------------+----------------------------------------+-----
Conjurations   | 1 2 3 4 5 |  5.0
Air Magic      | 3 4 5 7 8 9 12 11 | 12.0
Fighting       | 1 2 3 5 6 7 9 |  9.0
Spellcasting   | 3 4 5 7 8 9 10 11 | 11.9
Ice Magic      | 2 4 5 7 9 |  9.5
Poison Magic   | 2 3 |  3.0
Dodging        | |  2.6
Stealth        | |  2.6

Action                   |  1- 3 |  4- 6 |  7- 9 | 10-12 | 13-15 || total
-------------------------+-------+-------+-------+-------+-------++-------
Melee: Unarmed           |     7 |       |       |    18 |     2 ||    27
       Bite              |       |       |       |     3 |       ||     3
 Cast: Shock             |    87 |   128 |   242 |    83 |    15 ||   555
       Airstrike         |       |       |    54 |   347 |    63 ||   464
       Lightning Bolt    |       |       |       |    56 |     5 ||    61
       Conjure Ball Ligh |       |       |       |     5 |       ||     5
       Olgreb's Toxic Ra |       |       |       |     4 |    12 ||    16
Evoke: Wand              |       |       |     6 |     6 |       ||    12
  Use: Scroll            |       |     4 |    13 |    10 |     1 ||    28
       Potion            |       |       |     2 |     3 |       ||     5
Armor: Skin              |     1 |     3 |     4 |    15 |     2 ||    25
Dodge: Dodged            |     8 |    42 |    62 |   123 |    45 ||   280

Table legend: (Time is in decaauts)
 A = Elapsed time spent in this place.
 B = Non-inter-level travel time spent in this place.
 C = Inter-level travel time spent in this place.
 D = Time resting spent in this place.
 E = Time spent auto-exploring this place.
 F = Levels seen in this place.
 G = Mean time per level.
                   A        B        C        D        E       F      G
               +--------+--------+--------+--------+--------+-----+--------+
         Total |  20018 |  19399 |    619 |   1142 |  15496 |  17 | 1177.5 |
       Dungeon |  14153 |  13804 |    349 |    564 |  11366 |  11 | 1286.6 |
          Lair |   5302 |   5033 |    269 |    578 |   3660 |   5 | 1060.4 |
        Bailey |    562 |    562 |      0 |      0 |    469 |   1 |  562.0 |
               +--------+--------+--------+--------+--------+-----+--------+

Top non-repeatable levels by time:
     D:7: 1855 daAuts
  Lair:4: 1674 daAuts
    D:11: 1674 daAuts
     D:8: 1582 daAuts
     D:3: 1551 daAuts
    D:10: 1346 daAuts
  Lair:2: 1305 daAuts
     D:2: 1275 daAuts
     D:5: 1224 daAuts
     D:6: 1184 daAuts
  Lair:1: 991 daAuts
  Lair:3: 968 daAuts
     D:4: 937 daAuts
     D:1: 775 daAuts
     D:9: 745 daAuts
